 Dungeon Crawl Stone Soup version 0.25-a0-578-gc91f01c39c (webtiles) character file.

Game seed: 5586965591656394063, levelgen mode: deterministic

311110 Lugonue the Slayer (level 20, -2/183 HPs)
             Began as a Minotaur Gladiator on Mar 5, 2020.
             Was the Champion of Wu Jian.
             Splashed by an acid blob's acid (6 damage)
             ... created by the Royal Jelly
             ... on level 5 of the Pits of Slime.
             The game lasted 01:56:07 (34657 turns).

Lugonue the Slayer (Minotaur Gladiator)            Turns: 34657, Time: 01:56:07

Health: -2/183     AC: 40    Str: 21    XL:     20   Next: 41%
Magic:  21/21      EV: 21    Int:  5    God:    Wu Jian [******]
Gold:   2942       SH: 11    Dex: 36    Spells: 19/19 levels left

rFire    + . .     SeeInvis .   h - +10 scimitar of Nommithru {drain, Dex+7}
rCold    . . .     Gourm    +   E - +0 buckler of Toic {Dex+7}
rNeg     + . .     Faith    .   i - +8 plate armour of Hopscotch {rElec rF+ Dex-2}
rPois    +         Spirit   .   (helmet restricted)
rElec    +         Reflect  .   B - +2 cloak {MR+}
rCorr    +         Harm     .   r - +2 pair of gloves {archery}
MR       ++...     Rnd*Tele +   X - +1 pair of boots {Stlth+}
Stlth    ++........             H - amulet of Nutoaq Koits {Gourm Str+3 Slay+3}
HPRegen  0.00/turn              e - ring of resist corrosion
MPRegen  0.17/turn              u - ring of Cirill {rPois rN+ Dex+2}

@: hasted, studying Earth Magic, very quick
A: retaliatory headbutt, horns 2, iridescent scales 1, blurry vision 2, frail 1,
low mp 1, shaggy fur 1, inhibited regeneration, teleportitis 1
}: 2/15 runes: decaying, gossamer
a: Wall Jump, Serpent's Lash, Heavenly Storm, Renounce Religion


You were on level 5 of the Pits of Slime.
You worshipped Wu Jian.
Wu Jian was exalted by your worship.
You were full.

You visited 8 branches of the dungeon, and saw 35 of its levels.
You visited the Abyss 1 time.
You also visited: Ossuary, Ice Cave and Volcano.

You collected 3683 gold pieces.
You spent 741 gold pieces at shops.

Inventory:

Hand Weapons
 a - the +2 demon blade of Iplenewn {freeze, rC+ Str+4}
   (You found it in an ice cave)

   It has been specially enchanted to freeze those struck by it, causing extra
   injury to most foes and up to half again as much damage against particularly
   susceptible opponents.
   It can also slow down cold-blooded creatures.
   It affects your strength (+4).
   It protects you from cold.
 b - a +3 scimitar of flaming
 h - the +10 scimitar of Nommithru (weapon) {drain, Dex+7}
   (You found it on level 3 of the Elven Halls)

   A truly terrible weapon, it drains the life of those it strikes.
   It affects your dexterity (+7).
 J - a +1 demon blade of protection
Missiles
 d - 4 throwing nets
 U - 6 silver boomerangs
 Y - 11 boomerangs (quivered)
Armour
 i - the +8 plate armour of Hopscotch (worn) {rElec rF+ Dex-2}
   (You found it in an ice cave)

   It affects your dexterity (-2).
   It protects you from fire.
   It insulates you from electricity.
   If you remove this armour, your AC will decrease by 27 (40 -> 13).
 k - a +0 kite shield
 r - a +2 pair of gloves of archery (worn)
 A - a cursed +0 tower shield
 B - a +2 cloak of magic resistance (worn)
 E - the +0 buckler of Toic (worn) {Dex+7}
   (You took it off a deep elf mage on level 3 of the Elven Halls)

   It affects your dexterity (+7).
 P - the +0 hat of the Loofah {rElec rPois MR- Dex+7}
   (You found it in an ice cave)

   It affects your dexterity (+7).
   It insulates you from electricity.
   It protects you from poison.
   It affects your resistance to hostile enchantments.
   If you switch to wearing this armour, your AC will remain unchanged.
 X - a +1 pair of boots of stealth (worn)
Jewellery
 e - a ring of resist corrosion (left hand)
 g - an uncursed ring of protection from magic
 u - the ring of Cirill (right hand) {rPois rN+ Dex+2}
   (You took it off a spriggan on level 4 of the Swamp)

   [ring of positive energy]

   It affects your dexterity (+2).
   It protects you from poison.
   It protects you from negative energy.
 C - a +5 ring of strength
 H - the amulet of Nutoaq Koits (around neck) {Gourm Str+3 Slay+3}
   (You acquired it on level 9 of the Dungeon)

   [amulet of the gourmand]

   It allows you to eat raw meat even when not hungry.
   It affects your strength (+3).
   It affects your accuracy and damage with ranged weapons and melee attacks
   (+3).
 K - the macabre finger necklace {rN+}
   (You took it off a deep elf demonologist on level 3 of the Elven Halls)

   [amulet of nothing]

   It protects you from negative energy.
 N - an uncursed amulet of faith
 T - the ring of Kycvef {Ice *Slow rN+ MR++ Stlth+}
   (You took it off a deep elf demonologist on level 3 of the Elven Halls)

   [ring of ice]

   It enhances your ice magic.
   It makes you vulnerable to fire.
   It protects you from cold.
   It protects you from negative energy.
   It affects your resistance to hostile enchantments.
   It may slow you when you take damage.
   It makes you more stealthy.
 Z - a +6 ring of slaying
Wands
 p - a wand of iceblast (12)
 q - a wand of polymorph (16)
 y - a wand of digging (7)
 V - a wand of disintegration (35)
Scrolls
 c - a scroll of amnesia
 l - 10 scrolls of remove curse
 n - 9 scrolls of identify
 o - 3 scrolls of fog
 t - 9 scrolls of magic mapping
 D - 10 scrolls of teleportation
 I - 2 scrolls of blinking
 L - 5 scrolls of fear
 M - a scroll of acquirement
Potions
 j - a potion of berserk rage
 m - 5 potions of haste
 s - 9 potions of curing
 x - 5 potions of brilliance
 z - 2 potions of magic
 F - 6 potions of might
 G - a potion of stabbing
 O - 3 potions of invisibility
 Q - 7 potions of resistance
 R - a potion of cancellation
 W - 3 potions of ambrosia
Books
 v - a manual of Earth Magic
Miscellaneous
 w - a phial of floods
 S - a lamp of fire
Comestibles
 f - 43 rations


   Skills:
 * Level 23.6 Fighting
 - Level 14.0 Long Blades
 + Level 8.0 Throwing
 - Level 20.0 Armour
 + Level 14.1 Dodging
 - Level 8.6 Stealth
 - Level 17.6 Shields
 + Level 6.5 Evocations


You had 19 spell levels left.
You didn't know any spells.
Your spell library contained the following spells:

 Spells                   Type           Power        Failure   Level  Hunger
 Corona                   Hex            #......      98%         1    ##.....
 Sting                    Tmut/Pois      #...         98%         1    ##.....
 Summon Small Mammal      Summ           #...         98%         1    ##.....
 Call Imp                 Summ           #.......     99%         2    ###....
 Corpse Rot               Necr/Air       N/A          99%         2    ###....
 Ensorcelled Hibernation  Hex/Ice        #.....       99%         2    ###....
 Poisonous Vapours        Pois/Air       #.....       99%         2    ###....
 Call Canine Familiar     Summ           #.......     100%        3    ####...
 Confusing Touch          Hex            #.......     100%        3    ####...
 Dazzling Flash           Conj/Hex       #.....       100%        3    ####...
 Gell's Gravitas          Tloc           #.........   100%        3    ####...
 Ignite Poison            Fire/Tmut/Pois #.......     100%        3    ####...
 Mephitic Cloud           Conj/Pois/Air  #.......     100%        3    ####...
 Summon Guardian Golem    Hex/Summ       #.......     100%        3    ####...
 Tukima's Dance           Hex            #.......     100%        3    ####...
 Ice Form                 Ice/Tmut       #.......     100%        4    #####..
 Olgreb's Toxic Radiance  Pois           #.......     100%        4    #####..
 Petrify                  Tmut/Erth      #.......     100%        4    #####..
 Summon Ice Beast         Ice/Summ       #.......     100%        4    #####..
 Summon Lightning Spire   Summ/Air       #.......     100%        4    #####..
 Alistair's Intoxication  Tmut/Pois      #.......     100%        5    ######.
 Borgnjor's Vile Clutch   Necr/Erth      #.........   100%        5    ######.
 Metabolic Englaciation   Hex/Ice        #.........   100%        5    ######.
 Silence                  Hex/Air        #.........   100%        5    ######.
 Yara's Violent Unravell  Hex/Tmut       #.........   100%        5    ######.
 Conjure Ball Lightning   Conj/Air       #.........   100%        6    #######
 Darkness                 Hex            #.........   100%        6    #######
 Deflect Missiles         Chrm/Air       #.........   100%        6    #######
 Freezing Cloud           Conj/Ice/Air   #.........   100%        6    #######
 Ozocubu's Refrigeration  Ice            #.........   100%        6    #######
 Shadow Creatures         Summ           N/A          100%        6    #######
 Simulacrum               Ice/Necr       #.........   100%        6    #######
 Chain Lightning          Conj/Air       #.........   100%        8    #######
 Lehudib's Crystal Spear  Conj/Erth      #.........   100%        8    #######
 Fire Storm               Conj/Fire      #.........   100%        9    #######
 Glaciate                 Conj/Ice       #.........   100%        9    #######
 Tornado                  Air            #.........   100%        9    #######


Dungeon Overview and Level Annotations

Branches:
Dungeon (10/15)            Temple (1/1) D:5            Lair (6/6) D:9
  Swamp (4/4) Lair:4       Spider (4/4) Lair:4        Slime (5/5) Lair:5
    Orc (2/2) D:10            Elf (3/3) Orc:2       Ossuary (visited)
  IceCv (visited)         Volcano (visited)

Altars:
Cheibriados
Dithmenos
Elyvilon
Fedhas
Gozag
Hepliaklqana
Kikubaaqudgha
Makhleb
Nemelex Xobeh
Qazlal
Ru
Trog
Uskayaw
Vehumet
Wu Jian
Xom
Yredelemnul
Zin
The Shining One
Beogh

Shops:
D:6 *   Orc:2 [=*(   Elf:1 [   Elf:3 [

Annotations:
Swamp:4 1 runed translucent door, Flugkiller's ghost, adept TrFi
Slime:5 Royal Jelly


Innate Abilities, Weirdness & Mutations

You reflexively headbutt those who attack you in melee.
You have a pair of horns on your head.
You are partially covered in iridescent scales. (AC +2)
Scrolls take you longer to read.
You are frail. (-10% HP)
Your magical capacity is low. (-10% MP)
You are covered in fur. (AC +1)
You do not regenerate when monsters are visible.
You are occasionally teleported next to monsters.


Message History

You are splashed with acid.
You resist.
* * * LOW HITPOINT WARNING * * *
The eye of devastation turns its gaze towards you.
You feel better.
The azure jelly quivers.
The acid blob spits acid at you.
The splash of acid hits you but does no damage.
You are splashed with acid!
You resist.
* * * LOW HITPOINT WARNING * * *
The acid blob spits acid at you. The splash of acid misses you.
The acid blob spits acid at you. The splash of acid hits you. You resist.
* * * LOW HITPOINT WARNING * * *
You are splashed with acid.
You resist.
* * * LOW HITPOINT WARNING * * *
The acid blob spits acid at you.
The splash of acid hits you but does no damage.
You are splashed with acid.
You resist.
You die...

#....J.J........§☼☼...#
##..J..JJJJ..........###
#....JJJ.............#
###...J.J..J..........#
#.......JJ............#
#......................
####............
##...........
#...@.......
#...........
#...........
#...........
#............
##.....^.....
####........ #........ .
.


You could see the Royal Jelly, 5 acid blobs, 2 azure jellies, a slime creature
and 4 death oozes.

Vanquished Creatures
  Mara (Spider:3)
  A bone dragon (Abyss:3)
  A lich (Abyss:3)
  Jorgrun (Swamp:1)
  Asterion (Spider:3)
  5 deep elf blademasters
  11 acid blobs
  A tentacled starspawn (Abyss:3)
  A deep elf master archer (Elf:3)
  2 thorn hunters
  3 azure jellies
  5 ghost moths (Spider:4)
  Louise (Swamp:1)
  6 deep elf sorcerers (Elf:3)
  The ghost of Bodu the Basher, a journeyman NaFi of Ashenzari (Lair:5)
  5 emperor scorpions
  5 deep elf elementalists
  2 orc warlords
  5 entropy weavers
  A lorocyproca (Abyss:3)
  A starcursed mass (Abyss:3)
  A stone giant (Orc:2)
  4 deep elf annihilators (Elf:3)
  6 deep elf demonologists (Elf:3)
  2 spark wasps
  2 death oozes
  A blizzard demon (IceCv)
  6 deep elf death magi
  4 deep elf high priests (Elf:3)
  5 great orbs of eyes
  18 hydras
  Harold (D:10)
  3 shambling mangroves
  Erica (D:8)
  3 catoblepae
  2 ghost crabs
  3 two-headed ogres
  19 dancing weapons
  16 alligators
  4 thrashing horrors (Abyss:3)
  3 death yaks (Lair:6)
  Urug (D:10)
  6 spriggans
  3 orc high priests
  25 deep elf knights
  A fire crab (Volcano)
  A wretched star (Abyss:3)
  A sixfirhy (Abyss:3)
  10 small abominations
  A spatial maelstrom (Abyss:3)
  10 swamp dragons
  2 spriggan druids (Swamp:3)
  2 glowing orange brains (Abyss:3)
  A lindwurm (Volcano)
  13 orc knights
  Pikel (D:9)
  A necromancer (D:9)
  13 deep elf archers
  2 orc sorcerers (Orc:2)
  6 shining eyes
  An ugly thing (Swamp:3)
  22 wolf spiders
  66 deep elf magi
  19 orb spiders
  A stone giant zombie (Abyss:3)
  An apocalypse crab (Abyss:3)
  11 elephants
  Joseph (D:9)
  2 manticores (Lair:6)
  A guardian serpent (Abyss:3)
  2 moths of wrath
  2 smoke demons (Abyss:3)
  3 eyes of devastation
  Maurice (D:9)
  3 torpor snails
  10 spiny frogs
  2 ice statues (IceCv)
  2 black mambas
  Maggie (D:6)
  A rime drake (Lair:2)
  7 demonic crawlers
  7 komodo dragons
  3 freezing wraiths (Swamp:1)
  14 ice devils
  An efreet (Abyss:3)
  A queen bee (Lair:5)
  2 ancient zymes (Abyss:3)
  33 jumping spiders
  A silent spectre (Abyss:3)
  2 trolls
  A meliai (Lair:5)
  17 tyrant leeches
  69 slime creatures
  23 hornets
  14 bog bodies
  11 hippogriffs
  32 blink frogs
  4 raiju (Abyss:3)
  16 dream sheep
  11 large abominations
  A flying skull (Abyss:3)
  A shadow (Swamp:2)
  30 tarantellas
  4 water elementals
  A wraith (D:10)
  A human (D:7)
  4 air elementals
  71 redbacks
  4 fire elementals
  3 hogs (D:7)
  5 fire bats (Volcano)
  Eustachio (D:6)
  4 basilisks
  2 wyverns (D:9)
  43 yaks
  2 hungry ghosts
  5 neqoxecs (Abyss:3)
  A steam dragon (Volcano)
  4 vampire mosquitoes (Swamp:4)
  8 wargs
  15 insubstantial wisps
  15 swamp worms
  11 water moccasins
  2 hell hounds
  7 porcupines
  43 orc warriors
  A sky beast (D:9)
  A hornet zombie (D:9)
  10 swamp drakes
  An eye of draining (Slime:4)
  2 phantoms
  4 ice beasts
  A necrophage (D:9)
  2 centaurs (D:6)
  10 wolves
  9 crocodiles
  15 ogres
  A big kobold (D:9)
  Blork the orc (D:5)
  16 bullfrogs
  A gnoll sergeant (D:10)
  4 earth elementals
  2 scorpions (Lair:2)
  5 killer bees (Lair:5)
  10 wights
  5 electric eels
  7 howler monkeys
  4 crimson imps
  2 centaur zombies
  2 gnoll shamans
  16 orc priests
  2 hounds
  4 jellies
  2 centaur skeletons
  8 bullfrog skeletons
  An iron imp (Abyss:3)
  17 orc wizards
  3 iguanas
  5 worker ants
  2 polar bear simulacra (D:9)
  2 yak simulacra (D:9)
  3 wolf simulacra (D:9)
  A big kobold zombie (Ossuary)
  2 hound zombies (D:5)
  A hound skeleton (D:9)
  9 mummies
  A howler monkey zombie (D:10)
  Robin (D:3)
  16 gnolls
  A worker ant zombie (D:9)
  13 adders
  A howler monkey skeleton (D:4)
  3 shadow imps
  7 white imps (IceCv)
  5 ufetubi
  An ooze (D:2)
  An adder zombie (D:8)
  An adder skeleton (D:6)
  3 worms
  2 dart slugs
  6 leopard geckos
  68 orcs
  A ball python (D:7)
  6 giant cockroaches
  11 goblins
  4 hobgoblins
  2 jackals (D:4)
  5 quokkas
  2 bats (D:2)
  3 frilled lizards
  3 gnoll zombies (Ossuary)
  A goblin zombie (D:8)
  2 hobgoblin zombies (Ossuary)
  12 kobolds
  A kobold zombie (Ossuary)
  2 orc zombies
  2 rats (D:2)
  4 river rat simulacra (D:9)
  5 briar patches
  A crawling corpse (Elf:3)
  A lurking horror (Abyss:3)
  A starspawn tentacle (Abyss:3)
1366 creatures vanquished.

Vanquished Creatures (others)
  2 deep elf knights
  A swamp dragon (Swamp:4)
  A deep elf archer (Elf:2)
  A hornet (Swamp:1)
  3 spriggans
  2 swamp drakes (Swamp:4)
  A sky beast (D:9)
  3 white imps (IceCv)
  4 ufetubi (IceCv)
  6 briar patches (Swamp:2)
  A crawling corpse (Elf:1)
  6 fungi
  A plant (Swamp:4)
  3 starspawn tentacles (Abyss:3)
35 creatures vanquished.

Grand Total: 1401 creatures vanquished

Notes
Turn   | Place    | Note
-------+----------+-------------------------------------------
     0 | D:1      | Lugonue the Minotaur Gladiator began the quest for the Orb.
     0 | D:1      | Reached XP level 1. HP: 18/18 MP: 0/0
     9 | D:1      | Noticed an ogre
   360 | D:1      | Reached XP level 2. HP: 25/25 MP: 1/1
   490 | D:2      | Reached XP level 3. HP: 14/30 MP: 2/2
   796 | D:2      | Found a sacrificial altar of Ru.
   845 | D:2      | Found a bloodstained altar of Trog.
  1359 | D:3      | Reached XP level 4. HP: 32/37 MP: 3/3
  1379 | D:3      | Reached skill level 1 in Armour
  1466 | D:3      | Reached skill level 3 in Fighting
  1567 | D:3      | Reached skill level 5 in Long Blades
  1602 | D:3      | Noticed Robin
  1630 | D:3      | Killed Robin
  2264 | D:4      | Noticed an ogre
  2271 | D:4      | Killed an ogre
  2271 | D:4      | Reached XP level 5. HP: 45/45 MP: 4/4
  2394 | D:4      | Reached skill level 4 in Fighting
  2432 | D:4      | Found a shimmering altar of Xom.
  2618 | D:4      | Reached XP level 6. HP: 48/52 MP: 5/5
  2926 | D:5      | Entered Level 5 of the Dungeon
  2944 | D:5      | Noticed an ice beast
  2959 | D:5      | Killed an ice beast
  3157 | D:5      | Found a staircase to the Ecumenical Temple.
  3158 | D:5      | Found a glowing golden altar of the Shining One.
  3185 | D:5      | Noticed Blork the orc
  3215 | D:5      | Killed Blork the orc
  3215 | D:5      | Reached skill level 5 in Fighting
  3215 | D:5      | Reached skill level 5 in Dodging
  3216 | D:5      | Reached XP level 7. HP: 47/61 MP: 6/6
  3271 | Temple   | Entered the Ecumenical Temple
  3310 | Temple   | Became a worshipper of the Wu Jian Council
  3404 | D:5      | Reached skill level 1 in Stealth
  3953 | D:6      | Noticed Eustachio
  3970 | D:6      | Killed Eustachio
  3970 | D:6      | Reached XP level 8. HP: 70/70 MP: 7/7
  4086 | D:6      | Found Kies's General Store.
  4087 | D:6      | Noticed a hippogriff
  4109 | D:6      | Reached skill level 6 in Fighting
  4124 | D:6      | Killed a hippogriff
  4269 | D:6      | Bought a potion of curing for 42 gold pieces
  4419 | D:6      | Reached * piety under Wu Jian
  4758 | D:6      | Reached XP level 9. HP: 75/78 MP: 8/8
  5003 | D:6      | Reached skill level 10 in Long Blades
  5060 | D:6      | Noticed Maggie
  5074 | D:6      | Killed Maggie
  5074 | D:6      | Reached skill level 7 in Fighting
  5301 | D:7      | Reached ** piety under Wu Jian
  5371 | D:7      | Found a basalt altar of Yredelemnul.
  5477 | D:7      | Reached skill level 8 in Fighting
  5595 | D:7      | Found a hide-covered altar of Uskayaw.
  5598 | D:7      | Found an ancient bone altar of Kikubaaqudgha.
  5804 | D:7      | Found a glowing silver altar of Zin.
  5809 | D:7      | Reached XP level 10. HP: 88/88 MP: 9/9
  5970 | D:8      | Reached *** piety under Wu Jian
  6001 | D:8      | Found a sand-covered staircase.
  6005 | Ossuary  | Entered an ossuary
  6206 | D:8      | Noticed Erica
  6235 | D:8      | Killed Erica
  6314 | D:8      | Gained mutation: You are partially covered in iridescent
                  | scales. (AC +2) [potion of mutation]
  6314 | D:8      | Gained mutation: You tend to lose your temper in combat.
                  | [potion of mutation]
  6314 | D:8      | Gained mutation: You are mostly covered in iridescent
                  | scales. (AC +4) [potion of mutation]
  6314 | D:8      | Gained mutation: You have very sharp teeth. [potion of
                  | mutation]
  6426 | D:8      | Reached **** piety under Wu Jian
  6701 | D:9      | Noticed a necromancer
  6701 | D:9      | Noticed Joseph
  6724 | D:9      | Killed Joseph
  6724 | D:9      | Reached skill level 9 in Fighting
  6730 | D:9      | Killed a necromancer
  6878 | D:9      | Found a staircase to the Lair.
  6914 | D:9      | Noticed Pikel
  6916 | D:9      | Reached XP level 11. HP: 83/97 MP: 10/10
  6925 | D:9      | Killed Pikel
  6941 | D:9      | Noticed Maurice
  6956 | D:9      | Killed Maurice
  7021 | D:9      | Reached ***** piety under Wu Jian
  7022 | D:9      | Reached skill level 10 in Fighting
  7101 | D:9      | Identified a scroll of acquirement
  7101 | D:9      | Identified the amulet of Nutoaq Koits {Gourm Str+3 Slay+3}
                  | (You acquired it on level 9 of the Dungeon)
  7101 | D:9      | Identified the +0 demon trident "Rexzul" {venom, Int+6
                  | Dex+4} (You acquired it on level 9 of the Dungeon)
  7227 | D:9      | Found a burning altar of Makhleb.
  7501 | D:10     | Entered Level 10 of the Dungeon
  7523 | D:10     | Noticed Harold
  7526 | D:10     | Noticed a two-headed ogre
  7533 | D:10     | Killed a two-headed ogre
  7533 | D:10     | Reached skill level 11 in Fighting
  7539 | D:10     | Killed Harold
  7609 | D:10     | Noticed Urug
  7621 | D:10     | Killed Urug
  7633 | D:10     | Reached skill level 12 in Fighting
  7959 | D:10     | Found a staircase to the Orcish Mines.
  8003 | Orc:1    | Entered Level 1 of the Orcish Mines
  8048 | Orc:1    | Noticed an orc knight
  8055 | Orc:1    | Reached skill level 10 in Dodging
  8055 | Orc:1    | Reached XP level 12. HP: 113/113 MP: 11/11
  8256 | Orc:1    | Reached skill level 5 in Stealth
  8257 | Orc:1    | Reached ****** piety under Wu Jian
  8307 | Orc:1    | Reached skill level 1 in Evocations
  8613 | Orc:2    | Entered Level 2 of the Orcish Mines
  8617 | Orc:2    | Noticed a stone giant
  9071 | Orc:2    | Killed a stone giant
  9071 | Orc:2    | Reached skill level 13 in Fighting
  9071 | Orc:2    | Reached skill level 5 in Throwing
  9140 | Orc:2    | Noticed an orc high priest
  9146 | Orc:2    | Found a roughly hewn altar of Beogh.
  9147 | Orc:2    | Killed an orc high priest
  9167 | Orc:2    | Noticed an orc warlord
  9168 | Orc:2    | Reached skill level 14 in Fighting
  9242 | Orc:2    | Found a staircase to the Elven Halls.
  9396 | Orc:2    | Killed an orc warlord
  9410 | Orc:2    | Found Xeorr's Jewellery Shop.
  9416 | Orc:2    | Found Eguuniet's Antique Weapon Shop.
  9613 | Orc:2    | Found Sipemnoc's Antique Armour Shop.
  9628 | Orc:2    | Found Gofa's General Store.
  9635 | Orc:2    | Bought a wand of clouds (7) for 429 gold pieces
  9666 | Orc:2    | Found a roughly hewn altar of Beogh.
  9919 | Orc:2    | Noticed a two-headed ogre
  9925 | Orc:2    | Killed a two-headed ogre
  9953 | Elf:1    | Entered Level 1 of the Elven Halls
  9982 | Elf:1    | Noticed a deep elf elementalist
  9987 | Elf:1    | Killed a deep elf elementalist
  9987 | Elf:1    | Reached XP level 13. HP: 125/125 MP: 14/14
  9993 | Elf:1    | Noticed a deep elf death mage
  9994 | Elf:1    | Noticed a deep elf death mage
  9998 | Elf:1    | Noticed a deep elf death mage
  9999 | Elf:1    | Noticed a deep elf death mage
 10027 | Elf:1    | Killed a deep elf death mage
 10028 | Elf:1    | Killed a deep elf death mage
 10028 | Elf:1    | Reached skill level 15 in Fighting
 10035 | Elf:1    | Killed a ghostly deep elf death mage
 10050 | Elf:1    | Killed a deep elf death mage
 10503 | Lair:1   | Entered Level 1 of the Lair of Beasts
 11255 | Lair:2   | Found a dark tunnel.
 11526 | Volcano  | Entered a volcano
 12497 | Lair:3   | Reached skill level 16 in Fighting
 12776 | Lair:3   | You fall into a shaft and drop 3 floors!
 12776 | Lair:6   | Entered Level 6 of the Lair of Beasts
 12815 | Lair:6   | Reached XP level 14. HP: 137/137 MP: 16/16
 13063 | Lair:6   | Reached skill level 5 in Evocations
 13323 | Lair:6   | Reached skill level 17 in Fighting
 14257 | Lair:5   | Found a transporter.
 14257 | Lair:5   | Found a transporter.
 14260 | Lair:5   | Noticed Bodu's ghost (journeyman NaFi)
 14429 | Lair:5   | Found a staircase to the Slime Pits.
 14963 | Lair:5   | Killed Bodu's ghost
 15164 | Lair:4   | Found a hole to the Spider Nest.
 15181 | Lair:4   | Lost mutation: You tend to lose your temper in combat.
                  | [potion of mutation]
 15181 | Lair:4   | Lost mutation: You have very sharp teeth. [potion of
                  | mutation]
 15181 | Lair:4   | Gained mutation: You have a pair of large horns on your
                  | head. [potion of mutation]
 15181 | Lair:4   | Gained mutation: You are completely covered in iridescent
                  | scales. (AC +6) [potion of mutation]
 15425 | Lair:4   | Found a staircase to the Swamp.
 15427 | Lair:4   | Reached skill level 5 in Armour
 15865 | Spider:1 | Entered Level 1 of the Spider Nest
 15873 | Spider:1 | Reached XP level 15. HP: 127/148 MP: 18/18
 17077 | Spider:2 | Reached skill level 10 in Armour
 18794 | Spider:3 | Noticed Asterion
 18808 | Spider:3 | HP: 3/148 [Asterion/iron shot (69)]
 18844 | Spider:4 | Entered Level 4 of the Spider Nest
 19568 | Spider:3 | Noticed an Executioner
 19570 | Spider:3 | Killed Asterion
 19625 | Spider:3 | Noticed Mara
 19644 | Spider:3 | Noticed Lugonue's illusion
 19650 | Spider:3 | Killed Mara
 19650 | Spider:3 | Reached XP level 16. HP: 130/157 MP: 19/19
 20001 | Spider:4 | Reached skill level 15 in Armour
 21403 | Spider:4 | Got a gossamer rune of Zot
 22849 | Swamp:1  | Entered Level 1 of the Swamp
 22893 | Swamp:1  | Noticed Jorgrun
 22900 | Swamp:1  | Killed Jorgrun
 23191 | Swamp:1  | Noticed Louise
 23223 | Swamp:1  | Killed Louise
 23223 | Swamp:1  | Reached skill level 1 in Shields
 23516 | Swamp:1  | Found a frozen archway.
 23539 | IceCv    | Entered an ice cave
 23967 | IceCv    | Got a heavily runed hat
 23969 | IceCv    | Identified the +0 hat of the Loofah {rElec rPois MR- Dex+7}
                  | (You found it in an ice cave)
 24050 | IceCv    | Reached XP level 17. HP: 158/163 MP: 20/20
 24284 | IceCv    | Got a pitted plate armour
 24295 | IceCv    | Identified the +8 plate armour of Hopscotch {rElec rF+
                  | Dex-2} (You found it in an ice cave)
 24313 | IceCv    | Got an ichor-stained demon blade
 24314 | IceCv    | Identified the +2 demon blade of Iplenewn {freeze, rC+
                  | Str+4} (You found it in an ice cave)
 25693 | Swamp:3  | Reached skill level 5 in Shields
 26293 | Swamp:4  | Entered Level 4 of the Swamp
 26652 | Swamp:4  | Reached skill level 18 in Fighting
 26877 | Swamp:4  | Identified the ring of Cirill {rPois rN+ Dex+2}
 27160 | Swamp:4  | Found a runed translucent door.
 27161 | Swamp:4  | Found a shimmering altar of Xom.
 27161 | Swamp:4  | Noticed Flugkiller's ghost (adept TrFi)
 27365 | Swamp:4  | Got a decaying rune of Zot
 27570 | Swamp:4  | Identified the ring "Moimo" {Int+3 SInv} (You acquired it
                  | on level 4 of the Swamp)
 27998 | Elf:1    | Found Suhish's Antique Armour Shoppe.
 28006 | Elf:1    | Reached skill level 10 in Shields
 28012 | Elf:1    | Bought a pair of embroidered boots for 270 gold pieces
 28234 | Elf:1    | Reached XP level 18. HP: 154/173 MP: 21/21
 28300 | Elf:1    | Found a shimmering altar of Xom.
 28668 | Elf:2    | Reached skill level 19 in Fighting
 29323 | Elf:2    | Found a huge runed translucent gate.
 29325 | Elf:2    | Found a huge runed translucent gate.
 29328 | Elf:2    | Found a huge runed translucent gate.
 29329 | Elf:2    | Found a huge runed translucent gate.
 29329 | Elf:2    | Found a huge runed translucent gate.
 29418 | Elf:2    | Found a roughly hewn altar of Beogh.
 30053 | Elf:2    | Cast into level 3 of the Abyss (+1 lajatang of distortion)
 30162 | Abyss:3  | Gained mutation: You do not regenerate when monsters are
                  | visible. [a neqoxec]
 30233 | Abyss:3  | Reached skill level 20 in Fighting
 30260 | Abyss:3  | Noticed a lich
 30288 | Abyss:3  | Killed a lich
 30288 | Abyss:3  | Reached skill level 15 in Shields
 30554 | Abyss:3  | Noticed a bone dragon
 30572 | Abyss:3  | Killed a bone dragon
 30704 | Abyss:3  | Gained mutation: Armour fits poorly on your strangely
                  | shaped body. [a neqoxec]
 30705 | Abyss:3  | Gained mutation: You tend to lose your temper in combat. [a
                  | neqoxec]
 30799 | Abyss:3  | Lost mutation: You tend to lose your temper in combat.
                  | [potion of mutation]
 30799 | Abyss:3  | Lost mutation: You are completely covered in iridescent
                  | scales. (AC +6) [potion of mutation]
 30799 | Abyss:3  | Lost mutation: You have a pair of large horns on your head.
                  | [potion of mutation]
 30799 | Abyss:3  | Lost mutation: Armour fits poorly on your strangely shaped
                  | body. [potion of mutation]
 30799 | Abyss:3  | Gained mutation: Armour fits poorly on your strangely
                  | shaped body. [potion of mutation]
 30799 | Abyss:3  | Gained mutation: You are agile. (Dex +2) [potion of
                  | mutation]
 30800 | Abyss:3  | Lost mutation: Armour fits poorly on your strangely shaped
                  | body. [potion of mutation]
 30800 | Abyss:3  | Lost mutation: You are mostly covered in iridescent scales.
                  | (AC +4) [potion of mutation]
 30800 | Abyss:3  | Gained mutation: You are covered in fur. (AC +1) [potion of
                  | mutation]
 30800 | Abyss:3  | Gained mutation: Your muscles are strong. (Str +2) [potion
                  | of mutation]
 30800 | Abyss:3  | Gained mutation: You possess an exceptional clarity of
                  | mind. [potion of mutation]
 30857 | Abyss:3  | Reached XP level 19. HP: 95/187 MP: 22/22
 30998 | Elf:2    | Escaped the Abyss
 31218 | Elf:3    | Entered Level 3 of the Elven Halls
 31353 | Elf:3    | Found a radiant altar of Vehumet.
 31696 | Elf:3    | Identified the +0 buckler of Toic {Dex+7}
 31806 | Elf:3    | Reached skill level 21 in Fighting
 31907 | Elf:3    | Reached skill level 22 in Fighting
 32274 | Elf:3    | Identified the ring of Kycvef {Ice *Slow rN+ MR++ Stlth+}
 32278 | Elf:3    | Noticed a Brimstone Fiend
 32294 | Elf:3    | Got a fine scimitar
 32295 | Elf:3    | Identified the +10 scimitar of Nommithru {drain, Dex+7}
                  | (You found it on level 3 of the Elven Halls)
 32528 | Elf:3    | Identified the Volume of Floating Transmutation
 32855 | Elf:3    | Found Makiehinn's Armour Shop.
 33450 | Slime:1  | Entered Level 1 of the Pits of Slime
 33487 | Slime:1  | Gained mutation: You are occasionally teleported next to
                  | monsters. [a shining eye]
 33487 | Slime:1  | Lost mutation: Your muscles are strong. (Str +2) [a shining
                  | eye]
 33491 | Slime:1  | Gained mutation: Scrolls take you a little longer to read.
                  | [a shining eye]
 33495 | Slime:1  | Gained mutation: You are frail. (-10% HP) [a shining eye]
 33500 | Slime:1  | Lost mutation: You possess an exceptional clarity of mind.
                  | [a shining eye]
 33651 | Slime:2  | Gained mutation: Scrolls take you longer to read. [a
                  | shining eye]
 33660 | Slime:2  | Lost mutation: You are agile. (Dex +2) [a shining eye]
 33678 | Slime:2  | Reached XP level 20. HP: 113/181 MP: 23/23
 33936 | Slime:4  | Gained mutation: Your magical capacity is low. (-10% MP) [a
                  | shining eye]
 34100 | Slime:4  | Reached skill level 23 in Fighting
 34402 | Slime:5  | Entered Level 5 of the Pits of Slime
 34622 | Slime:5  | Noticed the Royal Jelly
 34657 | Slime:5  | HP: 4/183 [acid[the Royal Jelly] (6)]
 34657 | Slime:5  | Splashed by an acid blob's acid

Levels and vault maps discovered:
D:1:      evilmike_arrival_come_back, layout_rooms
D:2:      layout_rooms, old_standard_altar, overflow_temple_1_default,
          serial_bayou, serial_bayou_ford_a, serial_bayou_lagoon_b,
          serial_bayou_shore_a, serial_bayou_lagoon_a
D:3:      wad_pebble_path, layout_loops_ring, uniq_robin
D:4:      layout_loops_ring, xom_teletrap_fun, minmay_misc_feat_iff
D:5:      layout_basic, lemuel_crystal_altar, minmay_temple_entry_butterflies,
          first_ration, uniq_blork_the_orc
D:6:      layout_loops_corners, serial_shops, shop, uniq_eustachio, uniq_maggie,
          uniq_edmund
D:7:      layout_cave_pools, overflow_temple_1_default,
          lemuel_coloured_pillars_altar, lemuel_round_altar, lemuel_round_altar,
          grunt_livestock
D:8:      layout_cave_pools, nicolae_ossuary_entry_giza, uniq_erica
D:9:      layout_rooms, makhleb_blood_cavern_becter, lair_entry_dummy,
          hangedman_glass_teeth, eino_house_with_fridge, uniq_pikel,
          uniq_maurice, uniq_joseph
D:10:     layout_rooms, minmay_orc_entry_guard_dogs, uniq_harold, uniq_urug
Temple:   nicolae_temple_god_jail
Lair:1:   layout_chaotic_city
Lair:2:   layout_cave_pods, nicolae_volcano_entry_hallway,
          bh_autumn_forest_stairs
Lair:3:   layout_hall_layers, serial_bayou_lake_a, grunt_megastairs_1,
          infiniplex_staircase_pool_2
Lair:4:   layout_regular_city, minmay_swamp_entry_worms, spider_nest_entry_a
Lair:5:   layout_cave_pods, minmay_slime_entry_pillars, gammafunk_ghost_hive,
          serial_bayou_pond_d, st_stairs_9
Lair:6:   hangedman_lair_in_review, layout_regular_city, minivault_26,
          grunt_forest_stairs_basic, patterned_corridor
Swamp:1:  layout_basic_swamp, portal_ice_cave_entry_frozen_things,
          nicolae_swamp_little_tower, uniq_louise, uniq_jorgrun
Swamp:2:  layout_basic_swamp, hangedman_swamp_blocks
Swamp:3:  layout_basic_swamp, serial_swamp_ruin, evilmike_swamp_ruin_rubble_1,
          evilmike_swamp_ruin_rubble_2, evilmike_swamp_ruin_house_6
Swamp:4:  grunt_swamp_rune_castle, layout_basic_swamp, ebering_ghost_xom,
          swamp_pool4
Spider:1: layout_spider_delve, nicolae_spider_webs_and_nodes
Spider:2: layout_spider_delve
Spider:3: layout_chambers, guppyfry_spider_mini_2, uniq_mara, uniq_asterion
Spider:4: spider_rune_water
Slime:1:  layout_caves, cheibrodos_slime_lost_civilization_5
Slime:2:  layout_caves, uniq_dissolution
Slime:3:  layout_caves
Slime:4:  cheibrodos_slime_lost_civilization_1, layout_caves,
          nicolae_slime_round_cave
Slime:5
Orc:1:    nicolae_orc_accident_1, layout_caves
Orc:2:    grunt_orc_cross, layout_diamond_mine, david_defended_altar_orc
Elf:1:    layout_gridlike, serial_shops, nicolae_shop_overgrown_old_shop,
          basic_altar, minmay_elf_crystal_heptagon, statue_in_the_mist_lemuel,
          grunt_megastairs_3
Elf:2:    layout_geoelf_octagon, special_room [special_room_orc]
Elf:3:    minmay_elf_hall_furrowed, layout_geoelf_castle, basic_altar,
          serial_shops, shop, grunt_ministairs_15, minivault_27

Skill      XL: |  1  2  3  4  5  6  7  8  9 10 11 12 13 14 15 16 17 18 19 20 |
---------------+-------------------------------------------------------------+-----
Long Blades    | 4 5 6 8 9 11 13 14 | 14.0
Dodging        | 4 5 6 7 8 10 11 12 13 14 | 14.1
Armour         | 1 2 3 4 5 14 18 20 | 20.0
Fighting       | 3 4 5 6 8 9 12 14 16 17 18 20 22 23 | 23.6
Stealth        | 1 3 4 6 7 8 |  8.6
Throwing       | 4 5 6 7 8 |  8.0
Evocations     | 2 4 6 |  6.5
Shields        | 1 10 16 17 | 17.6

Action                   |  1- 3 |  4- 6 |  7- 9 | 10-12 | 13-15 | 16-18 | 19-21 || total
-------------------------+-------+-------+-------+-------+-------+-------+-------++-------
Melee: Long sword        |    54 |    51 |       |       |       |       |       ||   105
       Headbutt          |    10 |    17 |    87 |   171 |   305 |   531 |   254 ||  1375
       Falchion          |       |    59 |   259 |   206 |       |       |       ||   524
       Scimitar          |       |       |       |   489 |  1011 |   230 |   403 ||  2133
       Bite              |       |       |       |    66 |    94 |       |       ||   160
       Demon blade       |       |       |       |       |       |  1411 |   283 ||  1694
Throw: Throwing net      |       |     3 |     1 |     2 |       |     3 |     1 ||    10
       Dart              |       |     7 |    39 |    18 |    86 |    31 |       ||   181
       Boomerang         |       |       |       |       |       |    64 |    33 ||    97
Invok: Lunge             |       |       |    17 |    47 |    68 |    79 |    41 ||   252
       Whirlwind         |       |       |    79 |   344 |   398 |   396 |   309 ||  1526
       Serpent's Lash    |       |       |       |     4 |     6 |     7 |     3 ||    20
       Heavenly Storm    |       |       |       |     1 |       |       |     2 ||     3
 Abil: Wall Jump         |       |       |       |       |       |     2 |       ||     2
Evoke: Wand              |       |       |       |     2 |    15 |     4 |       ||    21
       Lamp of fire      |       |       |       |       |     1 |     2 |       ||     3
  Use: Scroll            |     1 |       |    14 |    17 |    10 |    15 |     2 ||    59
       Potion            |       |     2 |       |     4 |    11 |     3 |     5 ||    25
 Stab: Sleeping          |       |       |     1 |    14 |    19 |       |     2 ||    36
       Held in net/web   |       |       |       |     4 |       |       |       ||     4
       Invisible         |       |       |       |     2 |       |       |       ||     2
       Distracted        |       |       |       |     1 |       |     2 |     2 ||     5
       Paralysed         |       |       |       |     4 |     5 |       |       ||     9
       Petrified         |       |       |       |       |     3 |       |       ||     3
       Petrifying        |       |       |       |       |     1 |       |       ||     1
       Confused          |       |       |       |       |       |     2 |       ||     2
  Eat: Chunk             |       |     7 |     4 |    15 |    28 |    43 |     5 ||   102
       Ration            |       |       |     4 |     1 |       |       |     3 ||     8
Armor: Leather armour    |     6 |    24 |    15 |       |       |       |       ||    45
       Scale mail        |       |       |    13 |       |       |       |       ||    13
       Steam dragon scal |       |       |    25 |   134 |    98 |       |       ||   257
       Crystal plate arm |       |       |       |       |   412 |   417 |       ||   829
       Plate armour      |       |       |       |       |       |   376 |   138 ||   514
Dodge: Dodged            |    40 |    79 |   134 |   318 |   532 |   487 |   221 ||  1811
Block: Kite shield       |       |       |       |       |       |   440 |    44 ||   484
       Buckler           |       |       |       |       |       |       |   124 ||   124
       Rpst.: Long sword |     4 |    11 |       |       |       |       |       ||    15
       Falchion          |       |    17 |    35 |    25 |       |       |       ||    77
       Scimitar          |       |       |       |    73 |   110 |    14 |    37 ||   234
       Demon blade       |       |       |       |       |       |    67 |     9 ||    76

Table legend:
 A = Non-vault XP
 B = Vault XP
 C = Vault XP percentage of total XP
 D = Non-vault monster count
 E = Vault monster count
 F = Vault count percentage of total count
                 A         B        C        D         E       F
            +---------+---------+-------+---------+---------+-------
      Total |  306155 |  214120 |  41.2 |     974 |     389 |  28.5
            +---------+---------+-------+---------+---------+-------
        D:1 |      13 |       0 |   0.0 |       5 |       0 |   0.0
        D:2 |      78 |       0 |   0.0 |      19 |       0 |   0.0
        D:3 |      59 |      33 |  35.9 |      13 |      11 |  45.8
        D:4 |     201 |       0 |   0.0 |      12 |       0 |   0.0
        D:5 |     706 |      96 |  12.0 |      18 |       1 |   5.3
        D:6 |    1782 |     595 |  25.0 |      38 |       2 |   5.0
        D:7 |    1421 |     995 |  41.2 |      28 |       5 |  15.2
        D:8 |    1277 |     954 |  42.8 |      33 |       4 |  10.8
        D:9 |    5009 |    2487 |  33.2 |      45 |      17 |  27.4
       D:10 |    2990 |    2502 |  45.6 |      26 |       6 |  18.8
     Lair:1 |    2067 |       0 |   0.0 |      10 |       0 |   0.0
     Lair:2 |    3350 |       0 |   0.0 |      18 |       0 |   0.0
     Lair:3 |    6306 |    2021 |  24.3 |      33 |       5 |  13.2
     Lair:4 |    1511 |    1100 |  42.1 |       7 |       5 |  41.7
     Lair:5 |    8789 |    4803 |  35.3 |      28 |      17 |  37.8
     Lair:6 |   14099 |   10051 |  41.6 |      51 |      21 |  29.2
    Swamp:1 |    8386 |    5641 |  40.2 |      24 |       5 |  17.2
    Swamp:2 |   17392 |       0 |   0.0 |      34 |       0 |   0.0
    Swamp:3 |   14987 |    2038 |  12.0 |      32 |       4 |  11.1
    Swamp:4 |   11595 |   15222 |  56.8 |      33 |      29 |  46.8
   Spider:1 |   13800 |       0 |   0.0 |      38 |       0 |   0.0
   Spider:2 |   12365 |       0 |   0.0 |      40 |       0 |   0.0
   Spider:3 |   17322 |   12212 |  41.3 |      42 |       8 |  16.0
   Spider:4 |   14180 |   26650 |  65.3 |      39 |      42 |  51.9
    Slime:1 |    5144 |       0 |   0.0 |       8 |       0 |   0.0
    Slime:2 |   11273 |       0 |   0.0 |      22 |       0 |   0.0
    Slime:3 |    3492 |       0 |   0.0 |       6 |       0 |   0.0
    Slime:4 |    5803 |    5272 |  47.6 |      11 |       8 |  42.1
    Slime:5 |   14622 |   13046 |  47.2 |      27 |       7 |  20.6
      Orc:1 |    2224 |    1058 |  32.2 |      30 |       4 |  11.8
      Orc:2 |    5018 |    7826 |  60.9 |      38 |      36 |  48.6
      Elf:1 |   21389 |    9653 |  31.1 |      38 |      15 |  28.3
      Elf:2 |   18095 |   34075 |  65.3 |      29 |      54 |  65.1
      Elf:3 |   28412 |   47305 |  62.5 |      44 |      31 |  41.3
    Abyss:3 |   30998 |       0 |   0.0 |      55 |       0 |   0.0
    Ossuary |       0 |     180 | 100.0 |       0 |      16 | 100.0
      IceCv |       0 |    5529 | 100.0 |       0 |      27 | 100.0
    Volcano |       0 |    2776 | 100.0 |       0 |       9 | 100.0
            +---------+---------+-------+---------+---------+-------
